 Dungeon Crawl Stone Soup version 0.17-a0-910-ga669010 (webtiles) character file.

89 Sithun the Shooter (level 4, 0/28 HPs)
             Began as a High Elf Arcane Marksman on May 2, 2015.
             Was an Initiate of Fedhas.
             Killed by nerve-wracking pain
             ... invoked by Grinder
              (14 damage)
             ... on level 3 of the Dungeon.
             The game lasted 00:15:02 (3006 turns).

Sithun the Shooter (High Elf Arcane Marksman)       Turns: 3006, Time: 00:15:02

Health: 0/28       AC:  4    Str: 10    XL:     4   Next: 31%
Magic:  8/8        EV: 12    Int: 17    God:    Fedhas [......]
Gold:   125        SH:  0    Dex: 15    Spells: 2 memorised, 4 levels left

rFire  . . .     SeeInvis .     n - +0 flail (venom)
rCold  . . .     Clarity  .     h - +0 leather armour
rNeg   . . .     SustAb   .     (no shield)
rPois  .         Gourm    .     (no helmet)
rElec  .         Spirit   .     (no cloak)
rCorr  .         Warding  .     f - +0 pair of gloves
rMut   .         Stasis   .     (no boots)
MR     .....                    (no amulet)
Stlth  +.........               (no ring)
                                (no ring)

@: not resistant to hostile enchantments, very unstealthy
A: no striking features
a: Renounce Religion


You were on level 3 of the Dungeon.
You worshipped Fedhas.
Fedhas was noncommittal.
You were not hungry.

You visited 1 branch of the dungeon, and saw 3 of its levels.

You collected 125 gold pieces.

Inventory:

Hand weapons
 b - a +0 shortbow
 g - a +0 mace
 n - a +0 flail of venom (weapon)
Missiles
 c - 5 arrows
Armour
 a - a +0 robe
 f - a +0 pair of gloves (worn)
 h - a +0 leather armour (worn)
Jewellery
 m - an uncursed amulet of clarity {unknown}
Scrolls
 i - 3 scrolls of identify
 j - 2 scrolls of enchant armour {unknown}
 l - a scroll of enchant weapon {unknown}
Potions
 e - a potion of resistance {unknown}
 k - a potion of invisibility {unknown}
Books
 d - a book of Debilitation

   Spells                             Type                      Level
   a - Corona                         Hexes                        1
   b - Slow                           Hexes                        2
   c - Gell's Gravitas                Hexes/Translocation          3
   d - Inner Flame                    Hexes/Fire                   3
   e - Cause Fear                     Hexes                        4
   f - Leda's Liquefaction            Hexes/Earth                  4
Comestibles
 p - a bread ration


   Skills:
 + Level 1.2 Fighting
 * Level 0.1 Maces & Flails
 * Level 4.5 Bows
 + Level 0.3 Armour
 + Level 3.0 Dodging
 + Level 0.2 Stealth
 + Level 2.0 Spellcasting
 + Level 3.2 Hexes


You had 4 spell levels left.
You knew the following spells:

 Your Spells              Type           Power        Failure   Level  Hunger
a - Corona                Hex            ##.....      10%         1    #......
b - Slow                  Hex            ##......     12%         2    ###....


Dungeon Overview and Level Annotations

Branches:
Dungeon (3/15)

Altars:
Fedhas
Ru

Annotations:
D:3 Grinder


Message History

You start resting.
HP restored.
Found 8 gold pieces.
You see here an arrow.
c - 4 arrows (gained 1)
You see here an arrow.
c - 5 arrows (gained 1) Grinder hits you but does no damage.
There is an open door here.
You closely miss Grinder. Grinder gestures at you.
You resist with significant effort. Grinder hits you!
You closely miss Grinder. Grinder hits you.
You writhe in agony.
Grinder gestures at you.
You barely resist. Grinder gestures at you. Pain shoots through your body!
Ouch! That really hurt!
You die...
Fedhas appreciates your contribution to the ecosystem.

## ........>...#
##...###'#....#
#...###....### ######
#.........##
.....##########.........#
####..........#.........#
+..........# #.......#
#..........###.......#
#............@.......#
#.....<.....#.#'#.......#
###########.#...5.......#
#.#...#.......#
#.##.##.......#
#.##.##.......
..##.##......
####.##....$ .. #...


You could see Grinder.

Vanquished Creatures
  3 adders
  A worm (D:2)
  5 orcs (D:3)
  3 bats
  2 giant cockroaches
  10 goblins
  5 hobgoblins
  4 jackals (D:1)
  4 giant newts
  7 kobolds
  10 rats
54 creatures vanquished.

Vanquished Creatures (others)
  9 toadstools
9 creatures vanquished.

Grand Total: 63 creatures vanquished

Notes
Turn   | Place    | Note
--------------------------------------------------------------
     0 | D:1      | Sithun, the High Elf Arcane Marksman, began the quest for the Orb.
     0 | D:1      | Reached XP level 1. HP: 13/13 MP: 3/3
    97 | D:1      | Reached XP level 2. HP: 2/18 MP: 0/4
   822 | D:1      | Reached XP level 3. HP: 20/23 MP: 6/6
   891 | D:1      | Learned a level 2 spell: Slow
  1153 | D:2      | Found a sacrificial altar of Ru.
  1233 | D:2      | Found a blossoming altar of Fedhas.
  1244 | D:2      | Became a worshipper of Fedhas Madash
  1603 | D:2      | Reached skill level 4 in Bows
  1740 | D:3      | Noticed Grinder
  1907 | D:3      | Paralysed by Grinder for 7 turns
  2169 | D:3      | Reached XP level 4. HP: 6/28 MP: 7/7
  3006 | D:3      | Killed from afar by Grinder

Action                   |  1- 3 |  4- 6 || total
-------------------------+-------+-------++-------
Melee: Mace              |    22 |       ||    22
       Shortbow          |     1 |       ||     1
       Flail             |       |    27 ||    27
 Fire: Shortbow          |   105 |       ||   105
 Cast: Corona            |    28 |       ||    28
  Use: Scroll            |     6 |       ||     6
       Potion            |     1 |     1 ||     2
 Stab: Sleeping          |     1 |       ||     1
  Eat: Bread ration      |     1 |       ||     1
       Meat ration       |       |     1 ||     1
